[Event "Olomouc Chess Summer Open 2022"]
[Site "Olomouc"]
[Date "2022.08.17"]
[Round "6.17"]
[White "Psaila, Clarence"]
[Black "Al-Ali, Hussein Ali Hussein"]
[Result "1/2-1/2"]
[ECO "A41"]
[WhiteElo "1956"]
[BlackElo "2262"]
[Annotator "NA RC"]
[PlyCount "170"]
[EventDate "2022.08.14"]
[EventCountry "CZE"]
[SourceTitle "playchess.com"]
[Source "ChessBase"]
[SourceQuality "1"]
[TimeControl "40/5400+30:1800+30"]

1. d4 d6 2. Nf3 Nf6 3. g3 Nbd7 4. Bg2 e5 5. dxe5 dxe5 6. O-O c6 7. b3 Qc7 8. Ba3 Bc5 9. Qc1 O-O 10. Bxc5 Nxc5 11. Nc3 e4 12. Nd4 Qe5 13. e3 a5 14. a4 Re8 15. h3 h5 16. Qd1 h4 17. g4 g6 18. Qe2 Ne6 19. Rad1 Ng5 20. f4 exf3 21. Nxf3 Nxf3+ 22. Qxf3 Qxc3 23. Qxf6 Qxf6 24. Rxf6 Kg7 25. Rfd6 Be6 26. Kf2 Rac8 27. R1d2 Rc7 28. Bf3 Kf8 29. Bg2 Ke7 30. R6d3 Rf8 31. c4 Rb8 32. Ke2 Rh8 33. Bf3 f6 34. Kf2 Rb8 35. Bg2 Rf8 36. Ke2 g5 37. Be4 Rd7 38. Bf5 Rfd8 39. e4 Rxd3 40. Rxd3 Rxd3 41. Kxd3 c5 42. Ke3 Kd6 43. Bg6 Ke5 44. Be8 Kd6 45. Bg6 Kc7 46. Be8 Kd8 47. Bg6 Ke7 48. Bh7 Kd7 49. Bg6 Kc7 50. Be8 Bd7 51. Bf7 Kd6 52. Bg6 Ke7 53. Bh5 Bc8 54. Bg6 Be6 55. Bh7 Kf7 56. Kf3 Kf8 57. Bg6 Bd7 58. Ke3 Be6 59. Kf3 Kg7 60. Bf5 Kf7 61. Bh7 Bd7 62. Ke3 Be8 63. Bf5 Kg7 64. Bc8 Bc6 65. Be6 b6 66. Bf5 Kf7 67. Bc8 Ke7 68. Bf5 Kd6 69. Bg6 Bd7 70. Bh7 Be6 71. Bg6 Bg8 72. Bf5 Bf7 73. Bh7 Ke5 74. Bf5 Bg8 75. Bc8 Be6 76. Bxe6 Kxe6 77. Ke2 Kd7 78. Kd3 Kd6 79. Kd2 Ke7 80. Ke3 Ke6 81. Ke2 Kd7 82. Kd3 Kd6 83. Kd2 Ke5 84. Ke3 Ke6 85. Ke2 Ke5 1/2-1/2

[Event "Olomouc Chess Summer Open 2022"]
[Site "Olomouc"]
[Date "2022.08.17"]
[Round "6.18"]
[White "Houska, Jiri"]
[Black "Soban, Jaroslav"]
[Result "1-0"]
[ECO "B40"]
[WhiteElo "2220"]
[BlackElo "2101"]
[Annotator "TA"]
[PlyCount "105"]
[EventDate "2022.08.14"]
[EventCountry "CZE"]
[SourceTitle "playchess.com"]
[Source "ChessBase"]
[SourceQuality "1"]
[TimeControl "40/5400+30:1800+30"]

1. e4 c5 2. Nf3 e6 3. d4 cxd4 4. Nxd4 Nf6 5. Nc3 Nc6 6. Ndb5 Bb4 7. a3 Bxc3+ 8. Nxc3 d5 9. Bd3 dxe4 10. Nxe4 Nxe4 11. Bxe4 Qxd1+ 12. Kxd1 f5 {[%emt 0:01:21] B45: Sicilian Four Knights.} (12... e5 $11) 13. Bxc6+ $16 bxc6 14. c4 {[%emt 0:02:59] [#]} a5 $146 {[%emt 0:12:47] White is slightly better.} ({Predecessor:} 14... Kf7 15. Re1 Ba6 16. b3 Rad8+ 17. Kc2 Bc8 18. Bg5 Rd7 19. Rad1 h6 20. Be3 a6 21. Rxd7+ Bxd7 {1-0 (42) Stripunsky,A (2495)-Reichstein,B (2223) Virginia Beach 2001}) 15. a4 Kf7 16. Kc2 (16. Re1 $1 $16) 16... Rd8 ({Black should play} 16... e5 $14) 17. Be3 (17. Re1 $142) 17... Rb8 ({Better is} 17... e5) 18. Rhd1 Rd7 19. Rxd7+ Bxd7 {[%emt 0:00:01][%mdl 4096] Endgame KRB-KRB} 20. Bd2 Ra8 21. Re1 Ke7 22. Re5 Kd6 (22... c5 $16) 23. Bf4 $1 $18 (23. Rxa5 $6 Rxa5 24. Bxa5 c5 $16) 23... Ke7 24. b3 g6 (24... Be8 {was called for.} 25. Be3 Bh5) 25. Bd2 (25. Rc5 $18) 25... Kd6 $16 26. Bf4 {[%emt 0:01:54] White is more active.} (26. Re3 $16) 26... Ke7 $18 27. Rc5 Ra7 28. Bb8 Rb7 29. Be5 Ra7 30. f4 Be8 31. g3 Bd7 32. Bd4 Ra6 33. Be5 (33. Re5 $142) 33... Ra7 $1 34. h4 Be8 35. Bc3 Kd6 36. Rxa5 Rxa5 37. Bxa5 {[%emt 0:00:01] KB-KB} c5 $2 (37... e5 38. Bb4+ c5) 38. Bb6 Bc6 39. Kc3 Bb7 (39... Bd7 $142 40. a5 Bc8 41. Bxc5+ Kxc5 42. b4+ Kc6) 40. Ba7 Bc6 {[%emt 0:20:21] [#]} 41. Bxc5+ $1 Kxc5 {[%emt 0:31:02] KB-KP} 42. b4+ Kb6 43. b5 Be8 44. Kb4 h5 45. c5+ $2 (45. a5+ Kc7 46. a6) 45... Kc7 {[%emt 0:00:00][%cal Oe6e5] [#]} 46. c6 $1 (46. a5 e5 $11) 46... e5 {[%emt 0:00:00] Strongly threatening ...e4.} 47. Kc5 {[%emt 0:00:00] Intending a5 and mate.} ({Less strong is} 47. fxe5 g5 48. Kc5 (48. hxg5 $2 f4 $19) 48... f4 49. gxf4 (49. hxg5 $2 fxg3 50. b6+ Kc8 $19) 49... gxh4 50. b6+ Kb8 $18) 47... e4 {[%emt 0:02:11] [#]} (47... Bxc6 $18 48. fxe5 (48. bxc6 e4 $11) 48... Bd7) 48. b6+ $1 {[%emt 0:00:00] White mates.} Kb8 49. a5 e3 50. a6 e2 51. c7+ Kc8 52. Kd6 e1=Q 53. b7# {Weighted Error Value: White=0.47/Black=0.45} 1-0

[Event "Olomouc Chess Summer Open 2022"]
[Site "Olomouc"]
[Date "2022.08.17"]
[Round "6.19"]
[White "Cagasik, Tomas"]
[Black "Jordanov, Mihail"]
[Result "0-1"]
[ECO "A05"]
[WhiteElo "2143"]
[BlackElo "2158"]
[Annotator "NA RC"]
[PlyCount "93"]
[EventDate "2022.08.14"]
[EventCountry "CZE"]
[SourceTitle "playchess.com"]
[Source "ChessBase"]
[SourceQuality "1"]
[TimeControl "40/5400+30:1800+30"]

1. Nf3 Nf6 2. b3 d6 3. d4 c6 4. Bb2 d5 5. e3 Bf5 6. Bd3 e6 7. Ne5 Bd6 8. Nd2 Nbd7 9. g4 Bxd3 10. cxd3 Qc7 11. f4 Ng8 12. g5 Ne7 13. h4 h6 14. Qf3 Nxe5 15. dxe5 Bc5 16. e4 O-O-O 17. a3 Qb6 18. exd5 Nxd5 19. b4 Ne3 20. Ke2 Qb5 21. Qe4 Nc2 22. Qc4 Nxa1 23. Qxb5 cxb5 24. bxc5 Nc2 25. Ne4 Nd4+ 26. Bxd4 Rxd4 27. Nd6+ Kd7 28. Ke3 Ra4 29. gxh6 gxh6 30. Nxb5 Rg8 31. Kf3 Kc6 32. Nd6 Rxa3 33. Nxf7 Rxd3+ 34. Ke4 Rgg3 35. Re1 Kxc5 36. Rc1+ Kb6 37. Re1 Rb3 38. Rd1 Kc5 39. Rc1+ Kb6 40. Rd1 Rb4+ 41. Rd4 Rxd4+ 42. Kxd4 Rg4 43. Ke4 Kc7 44. h5 Rh4 45. Nxh6 Rxh5 46. Nf7 a5 47. Kd4 0-1

[Event "Olomouc Chess Summer Open 2022"]
[Site "Olomouc"]
[Date "2022.08.17"]
[Round "6.20"]
[White "Schletter, Felix"]
[Black "Zvolanek, Libor"]
[Result "1/2-1/2"]
[ECO "E81"]
[WhiteElo "1975"]
[BlackElo "2130"]
[Annotator "NA RC"]
[PlyCount "32"]
[EventDate "2022.08.14"]
[EventCountry "CZE"]
[SourceTitle "playchess.com"]
[Source "ChessBase"]
[SourceQuality "1"]
[TimeControl "40/5400+30:1800+30"]

1. e4 d6 2. d4 Nf6 3. f3 g6 4. c4 Bg7 5. Nc3 O-O 6. Nge2 e5 7. Bg5 c6 8. Qd2 Qc7 9. d5 a6 10. a4 c5 11. g4 Ne8 12. Ng3 f6 13. Be3 Rf7 14. Bd3 b6 15. a5 bxa5 16. Nce2 Qb6 1/2-1/2

[Event "Olomouc Chess Summer Open 2022"]
[Site "Olomouc"]
[Date "2022.08.18"]
[Round "7.16"]
[White "Muzika, Paul"]
[Black "Houska, Jiri"]
[Result "1-0"]
[ECO "B22"]
[WhiteElo "2072"]
[BlackElo "2220"]
[Annotator "NA RC"]
[PlyCount "55"]
[EventDate "2022.08.14"]
[EventCountry "CZE"]
[SourceTitle "playchess.com"]
[Source "ChessBase"]
[SourceQuality "1"]
[TimeControl "40/5400+30:1800+30"]

1. e4 c5 2. c3 Nf6 3. e5 Nd5 4. Nf3 Nc6 5. d4 cxd4 6. cxd4 d6 7. Bc4 e6 8. Qe2 dxe5 9. dxe5 Bb4+ 10. Bd2 Qb6 11. O-O Bxd2 12. Nbxd2 Qxb2 13. Rab1 Qa3 14. Ne4 O-O 15. Nfg5 Nxe5 16. Nxh7 Kxh7 17. Qh5+ Kg8 18. Qxe5 f6 19. Qh5 Qe7 20. Rb3 b6 21. Rh3 Bb7 22. Qh7+ Kf7 23. Rg3 Rg8 24. Rf3 f5 25. Rxf5+ exf5 26. Bxd5+ Bxd5 27. Qxf5+ Qf6 28. Qxd5+ 1-0

[Event "Olomouc Chess Summer Open 2022"]
[Site "Olomouc"]
[Date "2022.08.18"]
[Round "7.17"]
[White "Jordanov, Mihail"]
[Black "Bokhnak, Timofey"]
[Result "1-0"]
[ECO "C02"]
[WhiteElo "2158"]
[BlackElo "2098"]
[Annotator "NA RC"]
[PlyCount "103"]
[EventDate "2022.08.14"]
[EventCountry "CZE"]
[SourceTitle "playchess.com"]
[Source "ChessBase"]
[SourceQuality "1"]
[TimeControl "40/5400+30:1800+30"]

1. e4 e6 2. d4 d5 3. e5 c5 4. c3 Nc6 5. Nf3 Qb6 6. Bd3 Bd7 7. O-O cxd4 8. Re1 dxc3 9. Nxc3 Nb4 10. Be3 Bc5 11. Bxc5 Qxc5 12. Bf1 Ne7 13. Rc1 Qb6 14. a3 Nbc6 15. Bd3 Ng6 16. g3 O-O 17. h4 f6 18. Bxg6 hxg6 19. Nxd5 exd5 20. Qxd5+ Rf7 21. e6 Bxe6 22. Qxe6 Ne5 23. Rc8+ Kh7 24. Qxb6 Nxf3+ 25. Kf1 axb6 26. Rxa8 Nxe1 27. Kxe1 Rc7 28. Ra4 Kh6 29. Rb4 Rc6 30. Rb5 Rd6 31. Ke2 f5 32. Re5 Rc6 33. Kd3 Rd6+ 34. Ke3 Rc6 35. Re8 g5 36. hxg5+ Kxg5 37. Re7 g6 38. Kf3 Rc2 39. b4 Rc3+ 40. Kg2 Rxa3 41. Rxb7 Kg4 42. Rxb6 g5 43. Rb8 f4 44. gxf4 gxf4 45. Rg8+ Kf5 46. b5 Rb3 47. Rb8 Ke6 48. b6 Kd7 49. b7 Kc7 50. Rf8 Kxb7 51. Rxf4 Kc7 52. Rd4 1-0

[Event "Olomouc Chess Summer Open 2022"]
[Site "Olomouc"]
[Date "2022.08.18"]
[Round "7.18"]
[White "Al-Ali, Hussein Ali Hussein"]
[Black "Schletter, Felix"]
[Result "1/2-1/2"]
[ECO "A05"]
[WhiteElo "2262"]
[BlackElo "1975"]
[Annotator "NA RC"]
[PlyCount "122"]
[EventDate "2022.08.14"]
[EventCountry "CZE"]
[SourceTitle "playchess.com"]
[Source "ChessBase"]
[SourceQuality "1"]
[TimeControl "40/5400+30:1800+30"]

1. Nf3 Nf6 2. e3 c5 3. b3 g6 4. Bb2 Bg7 5. c4 O-O 6. Be2 Nc6 7. O-O d5 8. cxd5 Nxd5 9. Bxg7 Kxg7 10. Qc1 Qd6 11. Nc3 Nxc3 12. Qxc3+ e5 13. Bb5 f6 14. Bxc6 Qxc6 15. Rfc1 Bg4 16. Ne1 Rac8 17. h3 Be6 18. d3 Rfd8 19. Rc2 Qa6 20. Rac1 b6 21. Qb2 Bf5 22. e4 Be6 23. b4 c4 24. dxc4 Rxc4 25. Rxc4 Bxc4 26. a3 b5 27. Nf3 Rd3 28. Nd2 Qxa3 29. Nxc4 bxc4 30. Qxa3 Rxa3 31. Rxc4 Ra1+ 32. Kh2 g5 33. b5 Kg6 34. g4 a6 35. bxa6 Rxa6 36. Kg3 Ra3+ 37. f3 h5 38. gxh5+ Kxh5 39. Rc8 Ra1 40. Rf8 Kg6 41. h4 gxh4+ 42. Kxh4 Rh1+ 43. Kg3 Rg1+ 44. Kf2 Ra1 45. Rb8 Rc1 46. Rb7 Ra1 47. Rb8 Rc1 48. Rg8+ Kf7 49. Rh8 Kg7 50. Rh4 Kg6 51. Rg4+ Kf7 52. Rg2 Ke6 53. Kg3 f5 54. exf5+ Kxf5 55. Rh2 Rg1+ 56. Kf2 Ra1 57. Rh8 Ra4 58. Kg3 Rb4 59. Rf8+ Ke6 60. Re8+ Kf5 61. Ra8 Rc4 1/2-1/2

[Event "Olomouc Chess Summer Open 2022"]
[Site "Olomouc"]
[Date "2022.08.18"]
[Round "7.19"]
[White "Soban, Jaroslav"]
[Black "Marek, Matyas"]
[Result "1/2-1/2"]
[ECO "A36"]
[WhiteElo "2101"]
[BlackElo "2354"]
[Annotator "TA"]
[PlyCount "44"]
[EventDate "2022.08.14"]
[EventCountry "CZE"]
[SourceTitle "playchess.com"]
[Source "ChessBase"]
[SourceQuality "1"]
[TimeControl "40/5400+30:1800+30"]

1. c4 c5 2. g3 Nc6 3. Bg2 g6 4. Nc3 Bg7 5. e4 d6 6. d3 a6 7. Nge2 {[%emt 0:00:32] A36: Symmetrical English vs ...g6: 4 Bg2 Bg7.} Bg4 8. h3 Bxe2 9. Nxe2 {[%emt 0:00:09] [#]} e6 $146 ({Predecessor:} 9... Rb8 10. O-O e6 11. f4 Nge7 12. Rb1 O-O 13. b3 d5 14. Bb2 dxe4 15. dxe4 b5 16. Bxg7 Kxg7 17. cxb5 axb5 {1-0 (26) Gulbas,C (2170)-Ooms,A (2160) Vielsalm 1997}) 10. O-O Nge7 11. Be3 Qb6 12. Rb1 a5 13. b3 O-O 14. Qd2 Rfe8 15. a3 Rad8 16. Rfc1 Rd7 17. f4 Ra8 18. Kh2 Re8 19. Bg1 h6 20. Be3 Kh7 21. Bg1 Kg8 22. Be3 Kh7 {[%emt 0:00:37] Weighted Error Value: White=0.15 (very precise) /Black=0.13 (very precise)} 1/2-1/2

[Event "Olomouc Chess Summer Open 2022"]
[Site "Olomouc"]
[Date "2022.08.18"]
[Round "7.20"]
[White "Lehmann, Christoph"]
[Black "Cagasik, Tomas"]
[Result "1/2-1/2"]
[ECO "A45"]
[WhiteElo "1916"]
[BlackElo "2143"]
[Annotator "TA"]
[PlyCount "256"]
[EventDate "2022.08.14"]
[EventCountry "CZE"]
[SourceTitle "playchess.com"]
[Source "ChessBase"]
[SourceQuality "1"]
[TimeControl "40/5400+30:1800+30"]

1. d4 Nf6 2. Bg5 e6 3. e4 h6 4. Bxf6 Qxf6 5. c3 e5 6. Nf3 {[%emt 0:02:41] A45: Trompowsky Attack.} Nc6 7. Bb5 Bd6 8. O-O {[%emt 0:09:19] [#] White has an edge.} O-O $146 ({Predecessor:} 8... g5 9. Bxc6 dxc6 10. dxe5 Bxe5 11. Nxe5 Qxe5 12. Qd4 Qxd4 13. cxd4 Be6 14. Nc3 O-O-O {0-1 (55) Collet,D (1760)-Wantiez,F (2265) Charleroi 2006}) 9. Re1 a6 10. Bf1 exd4 11. cxd4 Bb4 12. Nc3 Bxc3 13. bxc3 d6 14. Rb1 b6 15. g3 Bg4 16. Bg2 Rab8 17. h3 Bxf3 18. Bxf3 a5 (18... b5 $14) 19. Kg2 Nd8 20. Qa4 Ne6 21. Qc6 Qd8 22. e5 Qe8 23. Qc4 Qc8 (23... b5 $142 24. Qd5 Qd7) 24. Kh2 (24. h4 $142) 24... Ng5 25. Bg2 {[%emt 0:01:13] Active counter play!} Re8 26. h4 Ne6 27. Bh3 (27. Bd5 $142) 27... Qb7 $16 28. exd6 b5 $2 (28... cxd6 $16 29. Bxe6 fxe6) 29. dxc7 Nxc7 30. Qc5 Rxe1 31. Rxe1 Qb6 $2 (31... Ne6 $16 32. Bxe6 fxe6) 32. Qf5 (32. Re7 $18) 32... Qd6 33. Bg2 {[%emt 0:01:11] Prevents Nd5.} g6 34. Qd3 ({Better is} 34. Qf3 $18) 34... h5 (34... Qf6 $16) 35. Re5 $18 Rd8 {[%emt 0:00:24] ...Qxe5 is the strong threat.} 36. Re4 (36. Qe3 $18) 36... Nd5 $16 37. Re5 (37. Re2 $16) 37... Nc7 $1 $18 38. Re4 (38. Qe3 $18 {is more deadly.}) 38... Nd5 $16 39. Re2 Nc7 (39... Rc8 $16 {keeps fighting.}) 40. Rd2 (40. f4 $18) 40... Rb8 41. Rc2 Rd8 42. Rd2 Rb8 $1 43. d5 Na6 (43... Ne8 $16 44. Bf1 Nf6) 44. Qd4 Nc5 45. Rb2 Nd7 46. Bf1 b4 47. c4 (47. cxb4 $16 axb4 48. Be2) 47... Nc5 (47... a4 $11) 48. Bd3 a4 49. Bc2 b3 50. axb3 axb3 51. Bd1 Re8 (51... Rb6 $14) 52. Bxb3 $18 Re4 53. Qd1 (53. Qc3 $16) 53... Rxh4+ 54. Kg2 Re4 55. Ra2 Qe5 $2 (55... Qf6 $1 $11 {and Black stays safe.}) 56. Ra8+ (56. Qf3 $1 $18) 56... Kg7 $14 57. Ra7 Re2 $2 (57... h4 $11 58. Qf3 hxg3 59. Rxf7+ (59. Qxf7+ Kh6 $11) 59... Kh6) 58. Ra2 $4 (58. Bc2 $18) 58... Re1 $2 ({Black should play} 58... Qe4+ $19 59. Kh2 Re1 60. Qxe1 Qxe1) 59. Qf3 $11 Nxb3 60. Ra7 $2 {[%emt 0:00:33] [#]} (60. Qxb3 $11 Rc1 61. Qd3) 60... Qe8 $1 $19 61. Rxf7+ (61. Qc3+ Kg8) 61... Kg8 $2 (61... Qxf7 $19 62. Qc3+ {[#]} Nd4 $1 63. Qxe1 Qf3+ 64. Kh2 Qxd5 $3 65. cxd5 Nf3+ 66. Kh3 Nxe1) 62. Rf6 Nd4 63. Qd3 Nf5 {[%emt 0:00:28] aiming for ...Kg7.} 64. d6 Qa8+ 65. Qd5+ Qxd5+ 66. cxd5 $11 {[%emt 0:00:04][%mdl 4096] Endgame White wants to mate with d7. KRN-KR} Re5 {[%emt 0:00:53] Strongly threatening ...Kg7.} 67. Rxg6+ Kf7 68. d7 Rxd5 69. Rg5 {[%emt 0:00:15][%cal Og5f5] Black must now prevent Rxf5+!} Ke7 {[%emt 0:00:48][%cal Of5e3] And now ...Ne3+! would win.} 70. f4 Rd2+ 71. Kf3 Nd6 72. Rxh5 Kxd7 73. Ra5 Rd3+ 74. Kg2 Ne4 75. Ra7+ Ke6 76. Rg7 Kf6 77. Rg8 Kf7 78. Rg4 Ra3 79. f5 Nd6 80. Rf4 Kf6 81. g4 Kg5 82. Rb4 Rd3 83. Kf2 Nf7 84. Ke2 Rd7 85. Ke3 Ne5 86. f6 (86. Ke4 $5 Nxg4 87. Rb6 $15) 86... Nxg4+ 87. Kf3 {[%emt 0:00:09] The position is equal.} Nxf6 88. Rb5+ Kg6 89. Ra5 Rd4 90. Ke3 Rb4 91. Kd3 Kf7 92. Kc3 Rh4 93. Kd3 Ke6 94. Ra6+ Ke5 95. Ra5+ Nd5 96. Ra8 Rh3+ 97. Ke2 Nc3+ 98. Kd2 Kd4 99. Rd8+ Nd5 100. Ke2 Rh7 101. Kf3 Rf7+ 102. Ke2 Re7+ 103. Kd2 Ke4 104. Rh8 Rc7 105. Re8+ Kd4 106. Rd8 Rf7 107. Ke2 Re7+ 108. Kd2 Ke4 109. Rh8 Nf4 110. Kc3 Rc7+ 111. Kb4 Kd4 112. Rd8+ Nd5+ 113. Kb3 Rc5 114. Rh8 Rb5+ 115. Kc2 Ne3+ 116. Kc1 Kc3 117. Rc8+ Nc4 118. Rc7 Rh5 119. Kd1 Rh2 120. Ke1 Kd4 121. Rd7+ Ke4 122. Re7+ Ne5 123. Kd1 Kd4 124. Re8 Nf3 125. Rd8+ Kc3 126. Rc8+ Kd3 127. Rd8+ Nd4 128. Ke1 Ke4 {[%emt 0:01:04] What a bad dream for Black.  Weighted Error Value: White=0.52/Black=0.41} 1/2-1/2

[Event "Olomouc Chess Summer Open 2022"]
[Site "Olomouc"]
[Date "2022.08.19"]
[Round "8.15"]
[White "Mannion, Stephen R"]
[Black "Biolek, Richard Jr."]
[Result "1/2-1/2"]
[ECO "B69"]
[WhiteElo "2232"]
[BlackElo "2437"]
[Annotator "TA"]
[PlyCount "117"]
[EventDate "2022.08.14"]
[EventCountry "CZE"]
[SourceTitle "playchess.com"]
[Source "ChessBase"]
[SourceQuality "1"]
[TimeControl "40/5400+30:1800+30"]

1. e4 c5 2. Nf3 d6 3. d4 cxd4 4. Nxd4 Nf6 5. Nc3 Nc6 6. Bg5 e6 7. Qd2 a6 8. O-O-O Bd7 9. f4 Be7 10. Nf3 b5 11. Bxf6 gxf6 12. Bd3 Qb6 {[%emt 0:02:33] B69: Sicilian: Richter-Rauzer: 7...a6 8 0-0-0 Bd7 9 f4 Be7 10 Nf3 b5 11 Bxf6.} 13. Rhe1 O-O-O (13... b4 $5 14. Ne2 a5 $11) 14. Bf1 Kb8 {[%emt 0:05:11] White has an edge.} 15. Kb1 Rc8 {[#]} 16. Nd4 $146 ({Predecessor:} 16. Ne2 Na5 17. Ned4 Nc4 18. Bxc4 bxc4 19. Qe3 Rc5 20. e5 fxe5 21. fxe5 d5 22. Ng5 {½-½ (41) Chigaev,M (2520)-Lobanov,S (2271) St Petersburg 2014}) 16... Nxd4 17. Qxd4 Qxd4 18. Rxd4 Ka7 19. Rd3 Rc7 20. a3 Kb6 21. Red1 Bc6 (21... h5 $11) 22. Rh3 $14 h5 23. g4 h4 24. f5 Bb7 25. Be2 Rc5 26. Rd4 Re5 27. b4 Bc6 28. Kb2 Kb7 29. Bf3 Kc7 30. Be2 Kd7 31. Rhd3 (31. a4 $5) 31... Bf8 32. Bf3 h3 33. Ne2 exf5 34. gxf5 Rh4 35. Nc3 Ke8 36. Rxd6 (36. Kb3 $14) 36... Bxd6 $15 37. Rxd6 Rf4 ({Better is} 37... Bb7 $1 $15) 38. Rxc6 $11 Rxf3 39. Rxa6 $2 {[%emt 0:01:32][%mdl 4096] Endgame KRR-KRN} (39. Nd5 $11) 39... Kf8 $1 $17 (39... Rf2 40. Nd5 Rxd5 41. exd5 $16) 40. Rxf6 Kg7 {[%emt 0:00:13] Inhibits Rh6.} 41. Rd6 Rf2 42. Rd3 Rxh2 {[%emt 0:00:05] Hoping for ...Kf6.} 43. Rg3+ Kf8 $1 44. a4 bxa4 45. b5 Ke7 46. b6 (46. Nd5+ $17 Kd6 47. Rd3) 46... Kd6 $19 {[%emt 0:00:12] And now ...Rh1 would win.} 47. Nxa4 {[%emt 0:07:41] [#]} Rb5+ $1 (47... Rxe4 48. Rd3+ Kc6 49. Rc3+ Kd6 50. Rd3+ Kc6 51. Rc3+ Kd6 52. Rd3+ $11) 48. Kc3 Rh1 (48... Kc6 $19 49. Rg7 Re2) 49. Nb2 $1 $15 h2 (49... Rxb6 50. Nc4+ Kc7 51. Nxb6 $11) (49... Kc6 $5 50. Nd3 Kxb6 $17) 50. Rh3 $1 {[%emt 0:00:21] The position is equal.} Kc5 ({Don't do} 50... Rxb6 51. Nc4+ Kc7 52. Nxb6 Kxb6 53. Kc4 $14) 51. Rh6 f6 $1 52. Nd3+ ({Wrong is} 52. Rxf6 $2 {[#]} Rxb2 $1 53. Kxb2 Rf1 $19) 52... Kxb6 53. Rxf6+ Kc7 (53... Ka7 $5 54. Rh6 Rb6 $11) 54. Rh6 Rb6 55. Rh7+ Kd8 56. e5 Rf1 57. Rxh2 {[%emt 0:00:14] Strongly threatening f6.} Rxf5 58. Kd4 Rf1 59. Rh8+ {[%emt 0:01:58] Whites escaped into a draw.  Weighted Error Value: White=0.16 (very precise) /Black=0.13 (very precise)} 1/2-1/2

[Event "Olomouc Chess Summer Open 2022"]
[Site "Olomouc"]
[Date "2022.08.19"]
[Round "8.16"]
[White "Muzika, Paul"]
[Black "Jordanov, Mihail"]
[Result "1/2-1/2"]
[ECO "C84"]
[WhiteElo "2072"]
[BlackElo "2158"]
[Annotator "TA"]
[PlyCount "162"]
[EventDate "2022.08.14"]
[EventCountry "CZE"]
[SourceTitle "playchess.com"]
[Source "ChessBase"]
[SourceQuality "1"]
[TimeControl "40/5400+30:1800+30"]

1. e4 e5 2. Nf3 Nc6 3. Bb5 a6 4. Ba4 Nf6 5. O-O Be7 6. d3 d6 7. c3 O-O 8. Re1 b5 9. Bc2 d5 10. Nbd2 dxe4 11. dxe4 Be6 12. h3 h6 13. Nh2 {[%emt 0:00:13] C84: Closed Ruy Lopez: Unusual White 6th moves.} Bc5 14. Qf3 {[%emt 0:11:49] [#]} b4 $146 ({Predecessor:} 14... a5 15. Ndf1 a4 16. Ne3 Ne7 17. Nhg4 Nxg4 18. Nxg4 Ng6 19. Ne3 c6 20. Nf5 Kh7 {½-½ (33) Lebled,P (2388)-Robleto,O (2320) ICCF email 2018}) 15. Ndf1 {[%emt 0:06:37] White is slightly better.} Kh7 16. Ne3 Bxe3 17. Bxe3 (17. Qxe3 $14 a5 18. Nf3) 17... Qe7 (17... bxc3 $11 18. bxc3 Qe7) 18. Ng4 ({Better is} 18. Ba4 $14 Na5 19. cxb4 Qxb4 20. b3) 18... Nxg4 $11 19. hxg4 bxc3 20. bxc3 Qh4 {[%emt 0:01:21] Against g5} 21. Bd1 Rfd8 22. Be2 Na5 23. g3 Qe7 24. g5 hxg5 25. Qh5+ Kg8 26. Bxg5 f6 27. Bc1 Qf7 28. Qh4 g5 29. Qh6 Qg7 30. Qh5 Qh7 31. Qxh7+ Kxh7 32. f4 gxf4 33. gxf4 Bg4 34. Bxg4 Rg8 {[%emt 0:00:04] [#]} 35. Kf2 $1 Rxg4 36. Rh1+ Kg8 $1 37. Kf3 Rg7 38. Be3 Nc4 39. Rhg1 Rd8 {[%emt 0:04:43] [#] And now ...Rd3 would win.} 40. Rxg7+ Kxg7 41. Ke2 {[%emt 0:33:21] Prevents Rd3.} Nxe3 42. Kxe3 exf4+ 43. Kxf4 {[%emt 0:00:00][%mdl 4096] Endgame KR-KR} Rd3 44. e5 Rxc3 45. exf6+ Kxf6 46. Ke4 Ke6 47. Kd4 Rc2 48. a4 Kd7 49. Kd3 Rc5 50. Kd4 Kd6 51. Ra2 Rh5 52. Kc4 Rh4+ 53. Kb3 c5 54. Rg2 {[%emt 0:00:00] The position is equal.} Kd5 55. Rg6 a5 56. Ra6 c4+ 57. Kc2 Rh2+ 58. Kc3 Rh3+ 59. Kc2 Kd4 60. Rxa5 Rh2+ 61. Kc1 Kc3 62. Kb1 Rb2+ 63. Kc1 Ra2 64. Kb1 {[%emt 0:00:19] Inhibits Ra1+.} Rb2+ 65. Kc1 Rg2 66. Kb1 Rg1+ 67. Ka2 Kb4 68. Ra8 c3 {[%emt 0:01:11] ( -> ...c2)} 69. Rc8 Rg2+ 70. Kb1 Rg1+ (70... Kb3 $5 71. Rb8+ Kxa4 $11) 71. Kc2 Rg2+ 72. Kc1 Kb3 73. Rb8+ Kxa4 74. Ra8+ Kb4 (74... Kb3 $5 75. Rb8+ Ka4 $11) 75. Rb8+ Kc4 76. Rc8+ Kd3 77. Rd8+ Ke2 78. Kc2 Rg3 79. Rc8 Re3 80. Rxc3 Kf3 81. Rxe3+ Kxe3 {[%emt 0:00:09] Weighted Error Value: White=0.10 (very precise) /Black=0.07 (flawless)} 1/2-1/2

[Event "Olomouc Chess Summer Open 2022"]
[Site "Olomouc"]
[Date "2022.08.19"]
[Round "8.17"]
[White "Marek, Matyas"]
[Black "Fizer, Marek"]
[Result "1-0"]
[ECO "A04"]
[WhiteElo "2354"]
[BlackElo "1998"]
[Annotator "TA"]
[PlyCount "96"]
[EventDate "2022.08.14"]
[EventCountry "CZE"]
[SourceTitle "playchess.com"]
[Source "ChessBase"]
[SourceQuality "1"]
[TimeControl "40/5400+30:1800+30"]

1. Nf3 c5 2. g3 Nc6 3. Bg2 g6 4. O-O Bg7 5. c3 e5 6. d4 {[%emt 0:00:04] A04: Unusual lines after 1 Nf3 and King's Indian Attack.} d6 (6... cxd4 $11 7. cxd4 e4) 7. dxc5 dxc5 8. Be3 {[%emt 0:03:19] White is better.} Qe7 9. Nbd2 {[%emt 0:03:18] [#]} e4 $146 ({Black should try} 9... Bh6 $1 $14) ({Predecessor:} 9... Nf6 10. Nb3 c4 11. Nbd2 Be6 12. Qa4 Ng4 13. Nxc4 Bxc4 14. Qxc4 Nxe3 15. fxe3 O-O {1-0 (22) Leski,M (2250)-Delebarre,X Enghien les Bains 1982}) 10. Ng5 $18 f5 11. Nc4 {[%emt 0:00:06] [#] aiming for Nd6+.} Be5 {[%emt 0:06:45] Against Nd6+} 12. Qd5 (12. f3 $18 {and White stays clearly on top.}) 12... Nf6 13. Qxc5 {[%emt 0:00:05] 0x0.0002daf51fcfdp-1022s more active pieces. The black rooks are badly placed.} Qxc5 14. Bxc5 h6 15. Nxe5 Nxe5 16. Bd4 hxg5 17. Bxe5 Kf7 18. f3 exf3 19. exf3 ({Resist} 19. Rxf3 Re8 20. Bd4 Rxe2) 19... Re8 20. Rfe1 Be6 21. b3 Rad8 22. Bd4 {[%emt 0:00:20] A strong pair of Bishops.} b6 23. Bf1 Bd5 24. Rxe8 Rxe8 25. Bb5 Rc8 26. Rf1 Ne8 27. Be2 Nc7 28. Rd1 Ke6 (28... Be6 $142 29. c4 Na6) 29. Be3 Kf6 30. c4 Be6 31. a4 Na6 32. a5 bxa5 33. Bxa7 Nc5 {[%emt 0:00:40] [#]} 34. Rb1 Ke5 (34... a4 $16 {is a better defense.}) 35. Bb6 a4 36. Bxc5 ({Don't play} 36. bxa4 $6 Nxa4 37. Rb5+ Kd6 $16) 36... Rxc5 37. bxa4 {[%emt 0:00:06][%cal Bb3a4,Ba4a5,Ba5b6][%mdl 4128] Endgame KRB-KRB} Kd4 38. Rb6 Bf7 39. Rb5 {[%emt 0:06:20] Inhibits Ra5. Strongly threatening Rxc5.} Rc6 (39... Rc8 $142 40. Kf1 Re8) 40. Kf2 Be6 $2 (40... Rc8 {was necessary.} 41. g4 Rh8) 41. a5 Bc8 42. Rb6 Rxb6 43. axb6 {[%emt 0:00:00] KB-KB} f4 (43... Kc5 $142 44. Ke3 Bb7) 44. h4 gxh4 45. gxh4 {[%emt 0:00:00] White mates.} Bb7 46. Bd1 Kxc4 47. Bc2 Kc5 48. Bxg6 Kd5 {Weighted Error Value: White=0.12 (very precise) /Black=0.44} 1-0